 Dungeon Crawl Stone Soup version 0.31-a0-230-g09eb5fc4d3 (webtiles) character file.

Game seed: 3240679344318645164

22 qw the Shooter (level 2, -3/17 HPs)
             Began as a Gargoyle Hexslinger on July 6, 2023.
             Killed by nerve-wracking pain
             ... invoked by an orc priest
              (4 damage)
             ... on level 2 of the Dungeon.
             The game lasted 00:00:19 (990 turns).

qw the Shooter (Gargoyle Hexslinger)                 Turns: 990, Time: 00:00:19

Health: -3/17      AC:  4    Str: 11    XL:     2   Next: 91%
Magic:  3/3        EV: 17    Int: 13    God:
Gold:   29         SH:  0    Dex: 12    Spells: 2/3 levels left

rFire   . . .        Y - +2 sling
rCold   . . .        (no shield)
rNeg    + . .        c - +0 robe
rPois   inf          (no helmet)
rElec   +            (no cloak)
rCorr   .            (no gloves)
SInv    .            (no boots)
Will    .....        (no amulet)
Stlth   +            g - +5 ring of evasion
HPRegen 0.22/turn    (no ring)
MPRegen 0.08/turn

%: no passive effects
@: no status effects
A: sickness immunity, AC +2, negative energy resistance 1, electricity
resistance, torment resistance 1, petrification resistance
a: no special abilities


You were on level 2 of the Dungeon.
You visited 1 branch of the dungeon, and saw 2 of its levels.

You collected 29 gold pieces.


Innate Abilities, Weirdness & Mutations

You are immune to sickness and miasma.
Your stone body is resilient. (AC +2)
You are immune to poison.
You resist negative energy. (rN+)
You are resistant to electric shocks. (rElec)
You are resistant to unholy torment.
You are immune to petrification.


   Skills:
 + Level 1.7 Fighting
 - Level 3.0 Ranged Weapons
 - Level 1.5 Dodging
 - Level 1.0 Spellcasting
 - Level 2.6 Hexes


You had 2 spell levels left.
You knew the following spells:

 Your Spells              Type           Power      Damage    Failure   Level
a - Slow                  Hex            28%        N/A       10%         1

Your spell library contained the following spells:

 Spells                   Type           Power      Damage    Failure   Level
 Inner Flame              Hex/Fire       4%         N/A       43%         3
 Portal Projectile        Hex/Tloc       8%         N/A       43%         3
 Cause Fear               Hex            3%         N/A       67%         4

Inventory:

Hand Weapons
 Y - a +2 sling (weapon)
Armour
 b - a +0 helmet
 c - a +0 robe (worn)
Jewellery
 g - a +5 ring of evasion (left hand)
Scrolls
 h - a scroll of identify {unknown}
Potions
 a - a potion of mutation {unknown}
 d - a potion of enlightenment {unknown}
 e - a potion of invisibility {unknown}
 f - a potion of curing {unknown}

Dungeon Overview and Level Annotations

Branches:
Dungeon (2/15)

Altars:


Message History

The sling bullet hits the orc priest but does no damage.
An orc comes into view. It is wielding a +0 short sword.
You shoot a sling bullet. The orc shouts!
The sling bullet hits the orc priest but does no damage.
You hear a shout!
You shoot a sling bullet.
The sling bullet barely misses the orc priest.
An orc priest comes into view. It is wielding a +0 hand axe.
You shoot a sling bullet.
The sling bullet hits the orc priest but does no damage.
The orc priest hits you from afar with a +0 trident.
You shoot a sling bullet.
The sling bullet closely misses the orc priest.
You shoot a sling bullet. The sling bullet barely misses the orc.
The sling bullet hits the orc but does no damage.
The orc misses you.
You shoot a sling bullet.
The sling bullet closely misses the orc.
The sling bullet hits the orc.
The orc is severely wounded.
The orc priest hits you but does no damage.
The orc priest looks satisfied for a moment.
The orc closely misses you.
The orc priest mumbles some strange prayers to Beogh against you.
Beogh smites you!
Ouch! That really hurt!
The orc priest misses you.
You shoot a sling bullet.
The sling bullet closely misses the orc. x2
The sling bullet closely misses the orc priest.
The orc closely misses you.
The orc priest hits you but does no damage.
You shoot a sling bullet.
The sling bullet hits the orc but does no damage.
The orc is severely wounded.
The orc barely misses you.
The orc priest mumbles some strange prayers to Beogh against you.
Pain shoots through your body!
You die...

### #.# #.##### #......
#.####. #.# #. ###.## #.
################....# #.
.....o.@............####
.....ooo...^...%....>...
.###############.....###
#........ #.....###
###...... #.#.###
#.#.##. #.#.##.


You could see 2 orc priests and 2 orcs.

Vanquished Creatures
  A dart slug (D:1)
  3 ball pythons (D:1)
  2 bats
  2 endoplasms (D:1)
  A giant cockroach (D:2)
  A goblin (D:1)
  2 hobgoblins (D:1)
  A quokka (D:1)
  3 kobolds (D:1)
  3 rats (D:1)
19 creatures vanquished.

Notes
Turn   | Place    | Note
-------+----------+-------------------------------------------
     0 | D:1      | qw the Gargoyle Hexslinger began the quest for the Orb.
     0 | D:1      | Reached XP level 1. HP: 12/12 MP: 2/2
     0 | D:1      | 0 ||| qw: Version: 0.3-a-46-gb1f654a
     0 | D:1      | 0 ||| qw: Game counter: 1768
     0 | D:1      | 0 ||| qw: Melee chars always use a shield: true
     0 | D:1      | 0 ||| qw: God list: Okawaru
     0 | D:1      | 0 ||| qw: Allow faded altars: false
     0 | D:1      | 0 ||| qw: Do Orc after clearing Dungeon:15 true
     0 | D:1      | 0 ||| qw: Do second Lair branch before Depths: true
     0 | D:1      | 0 ||| qw: Lair rune preference: random
     0 | D:1      | 0 ||| qw: Goals: Normal
     0 | D:1      | 0 ||| PLANNING D:1-11
   311 | D:1      | Reached XP level 2. HP: 16/16 MP: 3/3
   479 | D:1      | 479 ||| FLEEEEING.
   480 | D:1      | 480 ||| FLEEEEING.
   495 | D:1      | Reached skill level 3 in Ranged Weapons
   770 | D:1      | 770 ||| UPGRADING to +5 ring of evasion.
   771 | D:1      | 771 ||| READING scroll labelled DOIMIH DOUCK.
   772 | D:1      | 772 ||| DROPPING scroll of poison.
   988 | D:2      | HP: 1/17 [orc priest/divine providence (15)]
   990 | D:2      | Killed from afar by an orc priest

Levels and vault maps discovered:
D:1:      onia_arrival_mini_maze_b, layout_basic
D:2:      layout_basic

Skill      XL: |  1  2 |
---------------+-------+-----
Ranged Weapons | 3 |  3.0
Fighting       | |  1.7
Dodging        | |  1.5
Spellcasting   | |  1.0
Hexes          | |  2.6

Action                     || total
---------------------------++-------
   Fire: Sling             ||    65
    Use: Scroll            ||     1
 Armour: Robe              ||     4
  Dodge: Dodged            ||    13

Table legend:
 A = Non-vault XP
 B = Vault XP
 C = Vault XP percentage of total XP
 D = Non-vault monster count
 E = Vault monster count
 F = Vault count percentage of total count
                 A         B        C        D         E       F
            +---------+---------+-------+---------+---------+-------
      Total |      30 |       2 |   6.2 |      18 |       1 |   5.3
            +---------+---------+-------+---------+---------+-------
        D:1 |      27 |       2 |   6.9 |      16 |       1 |   5.9
        D:2 |       3 |       0 |   0.0 |       2 |       0 |   0.0
            +---------+---------+-------+---------+---------+-------
